 Dungeon Sprint DCSS version 0.30-a0-738-g116ff8c4af (webtiles) character file.

Game seed: 7636111172660042963

1975 BigDaddyOpFi the Dancer (level 9, -7/86 HPs)
             Began as a Hill Orc Fighter on Feb 2, 2023.
             Was a Follower of Uskayaw.
             Mangled by a cane toad (8 damage)
             ... in the Dungeon (Sprint VII: "The Pits") on Feb 3, 2023.
             The game lasted 00:04:40 (1918 turns).

BigDaddyOpFi the Dancer (Hill Orc Fighter)          Turns: 1918, Time: 00:04:41

Health: -7/86      AC: 17    Str: 23    XL:     9   Next: 20%
Magic:  20/20      EV:  7    Int:  8    God:    Uskayaw [*.....]
Gold:   0          SH:  7    Dex: 16    Spells: 8/8 levels left

rFire   . . .      SeeInvis .    s - +2 war axe (heavy)
rCold   . . .      Faith    .    c - +0 buckler
rNeg    . . .      Spirit   .    l - +2 plate armour
rPois   .          Reflect  .    q - +0 helmet
rElec   .          Harm     .    (no cloak)
rCorr   .          Rampage  .    (no gloves)
Will    .....      NoTele   +    (no boots) Stlth
                                 (no amulet)
HPRegen 0.34/turn                f - +3 ring of dexterity
MPRegen 0.17/turn                m - +3 ring of dexterity

@: lethally poisoned (-7 -> -33), slowed, very slow
A: no striking features
a: Renounce Religion, Stomp


You were in the Dungeon.
You worshipped Uskayaw.
Uskayaw was pleased with you.
You visited 1 branch

Inventory:

Hand Weapons
 a - a +0 war axe
 s - a +2 heavy war axe (weapon)
Armour
 c - a +0 buckler (worn)
 l - a +2 plate armour (worn)
 q - a +0 helmet (worn)
Jewellery
 f - a +3 ring of dexterity (left hand)
 m - a +3 ring of dexterity (right hand)
Wands
 b - a wand of digging (3)
Scrolls
 j - a scroll of blinking
Potions
 d - 2 potions of might
 e - a potion of curing
 g - a potion of cancellation {unknown}
 h - 4 potions of magic
 i - 3 potions of berserk rage
 k - 2 potions of invisibility
 n - 6 potions of heal wounds
 o - 3 potions of brilliance
 p - a potion of haste


   Skills:
 + Level 10.7 Fighting
 + Level 11.3 Axes
 + Level 9.8 Armour
 + Level 9.6 Shields
 * Level 14.8 Invocations


You had 8 spell levels left.
You didn't know any spells.
Your spell library was empty.

Dungeon Overview and Level Annotations

Branches:
Dungeon (1/1)

Altars:
Ashenzari
Cheibriados
Dithmenos
Elyvilon
Fedhas
Gozag
Hepliaklqana
Kikubaaqudgha
Makhleb
Nemelex Xobeh
Okawaru
Qazlal
Ru
Sif Muna
Trog
Uskayaw
Vehumet
Wu Jian
Xom
Yredelemnul
Zin
The Shining One
Beogh
Jiyva
Lugonu

Annotations:
D Sonja


Message History

Sonja hits you but does no damage. Sonja barely misses you.
The cane toad stings you but does no damage.
You feel better.
The redback bites you but does no damage.
Sonja hits you but does no damage.
You are poisoned.
You block Sonja's attack. Sonja closely misses you. The cane toad stings you.
The redback bites you.
* * * LOW HITPOINT WARNING * * *
Sonja closely misses you. Sonja hits you but does no damage.
Sonja hits you with a +0 short sword of venom.
* * * LOW HITPOINT WARNING * * *
You are more poisoned.
The cane toad stings you but does no damage.
You feel better. The redback bites you.
* * * LOW HITPOINT WARNING * * *
Sonja mumbles some strange words.
Sonja blinks!
You block the redback's attack. The cane toad stings you!
* * * LOW HITPOINT WARNING * * *
Sonja gestures wildly while chanting.
Sonja blinks!
You slash the cane toad!
The cane toad is severely wounded.
You hit the redback.
The redback bites you but does no damage.
Sonja throws a curare-tipped dart.
The curare-tipped dart hits you.
You are poisoned.
You have difficulty breathing.
* * * LOW HITPOINT WARNING * * *
You feel as though you will be slow longer.
The cane toad stings you but does no damage.
The redback bites you.
* * * LOW HITPOINT WARNING * * *
Sonja throws a curare-tipped dart.
The curare-tipped dart hits you.
You are more poisoned.
You have difficulty breathing.
* * * LOW HITPOINT WARNING * * *
You feel as though you will be slow longer.
The cane toad stings you!
You die...

#####...<...###....##
)[.##.......# ##''##
)[.##.......###..÷.##
#####.......##......#
#.. ##########§...K.+
#.############......#
#.#....#....###....##
#)#....#..[[# ##§'##
#.')...'..[)# #F@s.#
#)#....#..))##......#
'.#....#..))##......#
#####################


You could see a cane toad, Sonja and a redback.

Vanquished Creatures
  An elephant (D)
  A smoke demon (D)
  A kobold demonologist (D)
  Grinder (D)
  A spriggan (D)
  A ynoxinul (D)
  A floating eye (D)
  An ogre (D)
  A phantom (D)
  A scorpion (D)
  A crimson imp (D)
  2 hounds (D)
  An orc priest (D)
  Ijyb (D)
  An orc wizard (D)
  2 adders (D)
  An adder skeleton (D)
  An orc (D)
  A ball python (D)
  2 endoplasms (D)
  A giant cockroach (D)
  A hobgoblin (D)
  4 jackals (D)
  A frilled lizard (D)
  A kobold (D)
  A quokka skeleton (D)
32 creatures vanquished.

Vanquished Creatures (others)
  An orc wizard (D)
1 creature vanquished.

Grand Total: 33 creatures vanquished

Notes
Turn   | Place    | Note
-------+----------+-------------------------------------------
     0 | D        | BigDaddyOpFi the Hill Orc Fighter began the quest for the
                  | Orb.
     0 | D        | Reached XP level 1. HP: 19/19 MP: 1/1
    17 | D        | Found a bloodstained altar of Trog.
    17 | D        | Found a shimmering blue altar of Sif Muna.
    17 | D        | Found a viscous altar of Jiyva.
    17 | D        | Found a hazy altar of Hepliaklqana.
    17 | D        | Found an opulent altar of Gozag.
    18 | D        | Found a glowing golden altar of the Shining One.
    18 | D        | Found a glowing silver altar of Zin.
    18 | D        | Found a basalt altar of Yredelemnul.
    18 | D        | Found a shimmering altar of Xom.
    18 | D        | Found an ornate altar of the Wu Jian Council.
    18 | D        | Found a sacrificial altar of Ru.
    18 | D        | Found a stormy altar of Qazlal.
    18 | D        | Found an iron altar of Okawaru.
    18 | D        | Found a sparkling altar of Nemelex Xobeh.
    18 | D        | Found a burning altar of Makhleb.
    18 | D        | Found a blossoming altar of Fedhas.
    18 | D        | Found a white marble altar of Elyvilon.
    18 | D        | Found a shadowy altar of Dithmenos.
    18 | D        | Found a snail-covered altar of Cheibriados.
    19 | D        | Found a radiant altar of Vehumet.
    19 | D        | Found a corrupted altar of Lugonu.
    19 | D        | Found a roughly hewn altar of Beogh.
    22 | D        | Found a broken altar of Ashenzari.
    22 | D        | Found an ancient bone altar of Kikubaaqudgha.
    22 | D        | Found a hide-covered altar of Uskayaw.
    40 | D        | Became a worshipper of Uskayaw the Reveller
    73 | D        | Reached * piety under Uskayaw
    75 | D        | Reached skill level 2 in Invocations
    75 | D        | Reached XP level 2. HP: 25/27 MP: 1/3
   206 | D        | Reached ** piety under Uskayaw
   207 | D        | Reached skill level 3 in Invocations
   316 | D        | Noticed a scorpion
   326 | D        | Killed a scorpion
   327 | D        | Reached skill level 5 in Fighting
   327 | D        | Reached skill level 5 in Axes
   327 | D        | Reached skill level 5 in Armour
   327 | D        | Reached skill level 5 in Shields
   327 | D        | Reached skill level 5 in Invocations
   327 | D        | Reached XP level 3. HP: 29/36 MP: 5/7
   327 | D        | Reached XP level 4. HP: 33/42 MP: 5/8
   370 | D        | Noticed a floating eye
   372 | D        | Paralysed by a floating eye for 3 turns
   373 | D        | Reached skill level 6 in Invocations
   377 | D        | Reached *** piety under Uskayaw
   378 | D        | Killed a floating eye
   379 | D        | Reached skill level 8 in Invocations
   379 | D        | Reached XP level 5. HP: 37/51 MP: 8/11
   609 | D        | Upgraded the game from 0.30-a0-737-gf23d94013f to
                  | 0.30-a0-738-g116ff8c4af
   653 | D        | Noticed a phantom
   653 | D        | Noticed an ogre
   659 | D        | Reached XP level 6. HP: 56/60 MP: 12/12
   671 | D        | Reached skill level 9 in Invocations
   677 | D        | Reached **** piety under Uskayaw
   682 | D        | Reached ***** piety under Uskayaw
   683 | D        | Reached skill level 10 in Invocations
   749 | D        | Noticed Grinder
   757 | D        | Killed Grinder
   758 | D        | Reached skill level 11 in Invocations
   758 | D        | Reached XP level 7. HP: 58/69 MP: 13/15
   893 | D        | Noticed a spriggan
   899 | D        | Killed a spriggan
   900 | D        | Reached skill level 12 in Invocations
  1081 | D        | Noticed Ijyb
  1096 | D        | Killed Ijyb
  1341 | D        | Noticed a kobold demonologist
  1341 | D        | Noticed a ynoxinul
  1344 | D        | Noticed a soul eater
  1395 | D        | Killed a ynoxinul
  1396 | D        | Reached XP level 8. HP: 57/78 MP: 17/17
  1405 | D        | Reached skill level 13 in Invocations
  1409 | D        | Noticed a ynoxinul
  1417 | D        | Killed a kobold demonologist
  1418 | D        | Reached skill level 10 in Axes
  1684 | D        | Noticed a smoke demon
  1684 | D        | Noticed an elephant
  1687 | D        | Reached skill level 10 in Fighting
  1690 | D        | Killed a smoke demon
  1691 | D        | Reached skill level 14 in Invocations
  1693 | D        | Killed an elephant
  1694 | D        | Reached XP level 9. HP: 57/86 MP: 18/20
  1911 | D        | Noticed Sonja
  1911 | D        | Noticed a cane toad
  1918 | D        | HP: 1/86 [asphyx]
  1918 | D        | Mangled by a cane toad

Illustrated notes

Levels and vault maps discovered:
D:        pitsprint [storerooms_1, entrance_room_1, metal_vault_2, armoury_1,
          mini_pit_1, grid_room_1, main_hall_1, silver_pit, the_coven_1,
          the_vestibule_1, steel_vault_2, golden_pit, hallway_of_sentries,
          crystal_vault_2, iron_vault_2, final_vault]

Skill      XL: |  1  2  3  4  5  6  7  8 |
---------------+-------------------------+-----
Axes           | 3 5 6 8 9 11 | 11.3
Fighting       | 4 5 6 7 8 9 10 | 10.7
Invocations    | 2 5 8 11 12 14 | 14.8
Armour         | 5 6 7 8 9 |  9.8
Shields        | 5 6 7 8 9 |  9.6

Action                     |  1- 3 |  4- 6 |  7- 9 || total
---------------------------+-------+-------+-------++-------
  Melee: War axe           |    21 |    43 |    74 ||   138
 Invoke: Stomp             |       |       |     2 ||     2
    Use: Potion            |     3 |     3 |     7 ||    13
   Stab: Paralysed         |       |     3 |     7 ||    10
 Armour: Scale mail        |     8 |     8 |       ||    16
         Plate armour      |       |     8 |    75 ||    83
  Dodge: Dodged            |    13 |     6 |    29 ||    48
  Block: Buckler           |     3 |     5 |    26 ||    34

Table legend: (Time is in decaauts)
 A = Elapsed time spent in this place.
 B = Non-inter-level travel time spent in this place.
 C = Inter-level travel time spent in this place.
 D = Time resting spent in this place.
 E = Time spent auto-exploring this place.
 F = Levels seen in this place.
 G = Mean time per level.
                   A        B        C        D        E       F      G
               +--------+--------+--------+--------+--------+-----+--------+
         Total |   1932 |   1871 |     61 |   1446 |      0 |   1 | 1932.0 |
       Dungeon |   1932 |   1871 |     61 |   1446 |      0 |   1 | 1932.0 |
               +--------+--------+--------+--------+--------+-----+--------+

Top non-repeatable levels by time:
       D: 1932 daAuts
